AoeStats
← BOESERTEDDY

Lombardia

508504192Analyzed
3v3 RM · 11d ago on Sep 22, 2026· 24m 33s· 6 players
Game mode
Random Map
Map size
Normal (6 player)
Population
200
Speed
Normal
Resources
Standard
Victory
Conquest
Starting age
Dark Age
Ending age
Imperial Age
RankedLock teamsTeams togetherTeam positionsShared explorationLock speedFull tech treeHidden civsTurbo modeCheats
Victory
Defeat
🇨🇭 Goths · Switzerland
1044
+11
🇵🇱 Britons · Poland
915
+16
🇨🇭 Japanese · Switzerland
882
+16
🇨🇦 Saxons · Canada
929
-15
🇦🇹 Hindustanis · Austria
911
-14
🇪🇸 Cumans · Spain
894
-14
prayforgood
13:16 Feudal Age
11:35 Loom
15:15 Double-Bit Axe
18:49 Castle Age
17:48 Wheelbarrow
18:18 Horse Collar
22:00 Fletching
Loretin
10:04 Feudal Age
21:58 Bloodlines
Broseidon
5:46 Loom
11:24 Feudal Age
12:30 Double-Bit Axe
15:49 Man-at-Arms
18:36 Scale Mail Armor
22:16 Forging
24:45 Castle Age
BOESERTEDDY
7:23 Loom
11:33 Feudal Age
12:31 Man-at-Arms
13:13 Double-Bit Axe
18:48 Castle Age
17:08 Horse Collar
19:22 Scale Barding Armor
19:20 Scale Mail Armor
19:11 Long Swordsman
20:24 Chain Mail Armor
Kava
10:34 Feudal Age
10:28 Loom
11:22 Double-Bit Axe
13:04 Gold Mining
13:18 Fletching
20:59 Castle Age
21:47 Bodkin Arrow
21:16 Crossbowman
23:28 Bow Saw
23:00 Horse Collar
25:07 Padded Archer Armor
alex.proietti
0:31 Loom
10:20 Feudal Age
10:44 Man-at-Arms
13:31 Arson
19:18 Double-Bit Axe
23:43 Castle Age
24:10 Long Swordsman
24:25 Long Swordsman
25:07 Squires
Connection lost

Rejoining the realm…

Still unreachable

The connection could not be restored.

Session expired

The server has moved on; the page needs a fresh start.